TOP OF THE 1ST |
Cincinnati (NYP) Reds batting - Pitching for Milwaukee (NYP) Brewers : RHP Eddie Becerra
|
Pitching: RHP Eddie Becerra
|
|
Batting: RHB Marcus Carter
|
0-0: Ball 1-0: Ball 2-0: Ground out 5-3 (Groundball, 56, EV 108.8 MPH)
|
Batting: RHB Felipe Pineda
|
0-0: Called Strike 0-1: Foul Ball, location: 2F 0-2: Hit by Pitch
|
Batting: SHB Bryan Johnston
|
0-0: Called Strike 0-1: Ball 1-1: Foul Ball, location: 2F 1-2: Ball 2-2: Ball 3-2: Foul Ball, location: 2F 3-2: Base on Balls Felipe Pineda to second
|
Batting: RHB Steve Anderson
|
0-0: Ground out 5-3 (Groundball, 56S, EV 64.4 MPH) Felipe Pineda to third Bryan Johnston to second
|
Batting: RHB Jamie Ingram
|
0-0: Ball 1-0: Ball 2-0: Called Strike 2-1: Ball 3-1: Ground out 4-3 (Groundball, 4, EV 85.0 MPH)
|
Top of the 1st over - 0 runs, 0 hits, 0 errors, 2 left on base; Cincinnati (NYP) 0 - Milwaukee (NYP) 0 |
BOTTOM OF THE 1ST |
Milwaukee (NYP) Brewers batting - Pitching for Cincinnati (NYP) Reds : LHP Jerry Nero
|
Pitching: LHP Jerry Nero
|
|
Batting: RHB John Freeman
|
0-0: Swinging Strike 0-1: Swinging Strike 0-2: Strikes out swinging
|
Batting: RHB Brian Landrum
|
0-0: Ball 1-0: Called Strike 1-1: Foul Ball, location: 2F 1-2: Ball 2-2: Ground out 6-3 (Groundball, 6M, EV 89.4 MPH)
|
Batting: RHB Steve Byerly
|
0-0: Fly out, F9 (Flyball, 9LS, EV 92.5 MPH)
|
Bottom of the 1st over - 0 runs, 0 hits, 0 errors, 0 left on base; Cincinnati (NYP) 0 - Milwaukee (NYP) 0 |
TOP OF THE 2ND |
Cincinnati (NYP) Reds batting - Pitching for Milwaukee (NYP) Brewers : RHP Eddie Becerra
|
Batting: RHB Dave Ruiz
|
0-0: Foul Ball, location: 2F 0-1: Ball 1-1: Foul Ball, location: 2F 1-2: Ground out 6-3 (Groundball, 6, EV 86.3 MPH)
|
Batting: RHB Kagetoki Kawai
|
0-0: Foul Ball, location: 2F 0-1: Ball 1-1: Foul Ball, location: 2F 1-2: Ball 2-2: Ball 3-2: SINGLE (Line Drive, 78M, EV 106.9 MPH)
|
Batting: RHB Jon Conklin
|
0-0: Ball Kagetoki Kawai is caught stealing 2nd base 2-4 1-0: Called Strike 1-1: Ball 2-1: Ball 3-1: Base on Balls
|
Batting: RHB Chae-seong Lee
|
0-0: Ball 1-0: Ball 2-0: Called Strike 2-1: Ball 3-1: Foul Ball, location: 2F 3-2: Strikes out swinging
|
Top of the 2nd over - 0 runs, 1 hit, 0 errors, 1 left on base; Cincinnati (NYP) 0 - Milwaukee (NYP) 0 |
BOTTOM OF THE 2ND |
Milwaukee (NYP) Brewers batting - Pitching for Cincinnati (NYP) Reds : LHP Jerry Nero
|
Batting: LHB Alfredo de la Cruz
|
0-0: Called Strike 0-1: Ball 1-1: Foul Ball, location: 2F 1-2: Ball 2-2: SINGLE (Groundball, 25, EV 67.5 MPH) (infield hit)
|
Batting: LHB Paul Collins
|
0-0: Ball 1-0: Swinging Strike 1-1: Ball 2-1: Ball 3-1: Called Strike 3-2: Strikes out looking
|
Batting: RHB Vinny Estrada
|
0-0: Ball Alfredo de la Cruz steals 2nd base 1-0: Swinging Strike 1-1: Ball Alfredo de la Cruz steals 3rd base 2-1: Ball 3-1: Foul Ball, location: 2F 3-2: SINGLE (Groundball, 34S, EV 66.9 MPH) (infield hit)
|
Batting: SHB Mitchell Greene
|
0-0: Ball 1-0: Foul Ball, location: 2F 1-1: Foul Ball, location: 2F 1-2: Ball 2-2: Ball Vinny Estrada steals 2nd base 3-2: Strikes out swinging
|
Batting: RHB Brad Wren
|
0-0: Called Strike 0-1: Ball 1-1: Ball 2-1: Foul Ball, location: 2F 2-2: Ground out 4-3 (Groundball, 4M, EV 91.3 MPH)
|
Bottom of the 2nd over - 0 runs, 2 hits, 0 errors, 2 left on base; Cincinnati (NYP) 0 - Milwaukee (NYP) 0 |
TOP OF THE 3RD |
Cincinnati (NYP) Reds batting - Pitching for Milwaukee (NYP) Brewers : RHP Eddie Becerra
|
Batting: RHB Marcus Carter
|
0-0: Ball 1-0: Ball 2-0: Foul Ball, location: 2F 2-1: Ball 3-1: Base on Balls
|
Batting: RHB Felipe Pineda
|
0-0: Called Strike 0-1: Called Strike Marcus Carter steals 2nd base (no throw) 0-2: Ball 1-2: Ball 2-2: Strikes out swinging
|
Batting: SHB Bryan Johnston
|
0-0: Ground out 1-3 (Groundball, P, EV 66.3 MPH) Marcus Carter to third
|
Batting: RHB Steve Anderson
|
0-0: Ball Wild Pitch! Marcus Carter scores 1-0: Fly out, F8 (Flyball, 78D, EV 78.1 MPH)
|
Top of the 3rd over - 1 run, 0 hits, 0 errors, 0 left on base; Cincinnati (NYP) 1 - Milwaukee (NYP) 0 |
BOTTOM OF THE 3RD |
Milwaukee (NYP) Brewers batting - Pitching for Cincinnati (NYP) Reds : LHP Jerry Nero
|
Batting: RHB Raymond Young
|
0-0: SINGLE (Groundball, 4MD, EV 103.8 MPH)
|
Batting: RHB John Freeman
|
0-0: Fielders Choice at 2nd, 6-4 (Groundball, 6, EV 81.9 MPH)
|
Batting: RHB Brian Landrum
|
0-0: Ball 1-0: Called Strike 1-1: Ball 2-1: Fly out, F9 (Flyball, 9, EV 96.9 MPH)
|
Batting: RHB Steve Byerly
|
0-0: Ball 1-0: Called Strike 1-1: Ball 2-1: Fly out, F7 (Flyball, 7D, EV 96.3 MPH)
|
Bottom of the 3rd over - 0 runs, 1 hit, 0 errors, 1 left on base; Cincinnati (NYP) 1 - Milwaukee (NYP) 0 |
TOP OF THE 4TH |
Cincinnati (NYP) Reds batting - Pitching for Milwaukee (NYP) Brewers : RHP Eddie Becerra
|
Batting: RHB Jamie Ingram
|
0-0: Ball 1-0: SOLO HOME RUN (Flyball, 7LD, EV 94.4 MPH), Distance : 351 ft
|
Batting: RHB Dave Ruiz
|
0-0: Ball 1-0: Called Strike 1-1: Ball 2-1: Ball 3-1: Base on Balls
|
Batting: RHB Kagetoki Kawai
|
0-0: Ball 1-0: Called Strike 1-1: Ball 2-1: Ball 3-1: Base on Balls Dave Ruiz to second
|
Batting: RHB Jon Conklin
|
0-0: Ball 1-0: Ball 2-0: Swinging Strike 2-1: Ball 3-1: Called Strike 3-2: Foul Ball, location: 2F 3-2: Foul Ball, location: 2F 3-2: Base on Balls Dave Ruiz to third Kagetoki Kawai to second
|
Batting: RHB Chae-seong Lee
|
0-0: Swinging Strike 0-1: Ball 1-1: Swinging Strike 1-2: Fly out, F8 (Line Drive, 8RM, EV 89.4 MPH)
|
Batting: RHB Marcus Carter
|
0-0: SINGLE (Groundball, 6MD, EV 95.6 MPH) Dave Ruiz scores Kagetoki Kawai to third Jon Conklin to second Runner from 3rd tries for Home, SAFE, throw by CF to home
|
Batting: RHB Felipe Pineda
|
0-0: Called Strike 0-1: Fly out, F9 (Flyball, 9, EV 82.5 MPH) Runner from 2nd tags up, SAFE at 3rd with throw by RF
|
Batting: SHB Bryan Johnston
|
0-0: Ball 1-0: TRIPLE (Line Drive, 78XD, EV 102.5 MPH) Jon Conklin scores Marcus Carter scores
|
Pitching: RHP Justin Orr
|
|
Batting: RHB Steve Anderson
|
0-0: Ball 1-0: Ground out 4-3 (Groundball, 4, EV 85.0 MPH)
|
Top of the 4th over - 5 runs, 3 hits, 0 errors, 1 left on base; Cincinnati (NYP) 6 - Milwaukee (NYP) 0 |
BOTTOM OF THE 4TH |
Milwaukee (NYP) Brewers batting - Pitching for Cincinnati (NYP) Reds : LHP Jerry Nero
|
Batting: LHB Alfredo de la Cruz
|
0-0: Ball 1-0: Ball 2-0: Ball 3-0: Base on Balls
|
Batting: LHB Paul Collins
|
0-0: Ball Passed Ball! Alfredo de la Cruz to second 1-0: Ball 2-0: Foul Ball, location: 2F 2-1: Ball 3-1: Base on Balls
|
Batting: RHB Vinny Estrada
|
0-0: Ball 1-0: Fly out, F7 (Line Drive, 7, EV 93.8 MPH)
|
Batting: SHB Mitchell Greene
|
0-0: Ball 1-0: Called Strike Alfredo de la Cruz steals 3rd base (no throw) Paul Collins to second 1-1: Foul Ball, location: 2F 1-2: Foul Ball, location: 2F 1-2: Ball 2-2: Ball 3-2: Ground out 6-3 (Groundball, 6, EV 86.9 MPH) Alfredo de la Cruz scores
|
Batting: RHB Brad Wren
|
0-0: Ball 1-0: Swinging Strike 1-1: Ball 2-1: Called Strike 2-2: Strikes out swinging
|
Bottom of the 4th over - 1 run, 0 hits, 0 errors, 1 left on base; Cincinnati (NYP) 6 - Milwaukee (NYP) 1 |
TOP OF THE 5TH |
Cincinnati (NYP) Reds batting - Pitching for Milwaukee (NYP) Brewers : RHP Justin Orr
|
Batting: RHB Jamie Ingram
|
0-0: Ground out 2-3 (Groundball, 13S, EV 71.3 MPH)
|
Batting: RHB Dave Ruiz
|
0-0: Ball 1-0: Ball 2-0: Fly out, F7 (Flyball, 7, EV 93.8 MPH)
|
Batting: RHB Kagetoki Kawai
|
0-0: Swinging Strike 0-1: Ground out 4-3 (Groundball, 4, EV 101.3 MPH)
|
Top of the 5th over - 0 runs, 0 hits, 0 errors, 0 left on base; Cincinnati (NYP) 6 - Milwaukee (NYP) 1 |
BOTTOM OF THE 5TH |
Milwaukee (NYP) Brewers batting - Pitching for Cincinnati (NYP) Reds : LHP Jerry Nero
|
Batting: RHB Raymond Young
|
0-0: Ball 1-0: Swinging Strike 1-1: Ball 2-1: Foul Ball, location: 2F 2-2: Fly out, F5 (Popup, 6S, EV 73.8 MPH)
|
Batting: RHB John Freeman
|
0-0: Foul Ball, location: 2F 0-1: Called Strike 0-2: Strikes out swinging
|
Batting: RHB Brian Landrum
|
0-0: Ball 1-0: Called Strike 1-1: Ball 2-1: Ball 3-1: Fly out, F7 (Line Drive, 7D, EV 88.1 MPH)
|
Bottom of the 5th over - 0 runs, 0 hits, 0 errors, 0 left on base; Cincinnati (NYP) 6 - Milwaukee (NYP) 1 |
TOP OF THE 6TH |
Cincinnati (NYP) Reds batting - Pitching for Milwaukee (NYP) Brewers : RHP Justin Orr
|
Batting: RHB Jon Conklin
|
0-0: Called Strike 0-1: SOLO HOME RUN (Flyball, 7LD, EV 95.6 MPH), Distance : 353 ft
|
Batting: RHB Chae-seong Lee
|
0-0: Foul Ball, location: 2F 0-1: Foul Ball, location: 2F 0-2: Foul Ball, location: 2F 0-2: Foul Ball, location: 2F 0-2: Foul Ball, location: 2F 0-2: Ball 1-2: Ball 2-2: Foul Ball, location: 2F 2-2: Ground out 6-3 (Groundball, 4MS, EV 66.9 MPH)
|
Batting: RHB Marcus Carter
|
0-0: Ball 1-0: Swinging Strike 1-1: Called Strike 1-2: Ball 2-2: Ball 3-2: Base on Balls
|
Batting: RHB Felipe Pineda
|
0-0: Foul Ball, location: 2F 0-1: Foul Ball, location: 2F 0-2: Foul Ball, location: 2F 0-2: Ball 1-2: Grounds into double play, 4-6-3 (Groundball, 4M, EV 81.9 MPH)
|
Top of the 6th over - 1 run, 1 hit, 0 errors, 0 left on base; Cincinnati (NYP) 7 - Milwaukee (NYP) 1 |
BOTTOM OF THE 6TH |
Milwaukee (NYP) Brewers batting - Pitching for Cincinnati (NYP) Reds : LHP Jerry Nero
|
Batting: RHB Steve Byerly
|
0-0: Ball 1-0: Ball 2-0: Ball 3-0: Base on Balls
|
Batting: LHB Alfredo de la Cruz
|
0-0: Fielders Choice at 2nd, 4-6 (Groundball, 4, EV 105.0 MPH)
|
Batting: LHB Paul Collins
|
0-0: Ball 1-0: Called Strike 1-1: Fielders Choice at 2nd, 4-6 (Groundball, 4S, EV 85.6 MPH)
|
Batting: RHB Vinny Estrada
|
0-0: Foul Ball, location: 2F 0-1: Ball 1-1: Ball Wild Pitch! Paul Collins to second 2-1: Called Strike 2-2: Foul Ball, location: 2F 2-2: Strikes out swinging
|
Bottom of the 6th over - 0 runs, 0 hits, 0 errors, 1 left on base; Cincinnati (NYP) 7 - Milwaukee (NYP) 1 |
TOP OF THE 7TH |
Cincinnati (NYP) Reds batting - Pitching for Milwaukee (NYP) Brewers : RHP Justin Orr
|
Batting: SHB Bryan Johnston
|
0-0: Foul Ball, location: 2F 0-1: Ball 1-1: Ball 2-1: Foul Ball, location: 2F 2-2: Foul Ball, location: 2F 2-2: Fly out, F8 (Flyball, 8LS, EV 88.8 MPH)
|
Batting: RHB Steve Anderson
|
0-0: Ground out 6-3 (Groundball, 6MD, EV 85.6 MPH)
|
Batting: RHB Jamie Ingram
|
0-0: Ball 1-0: Ground out 4-3 (Groundball, 34, EV 90.0 MPH)
|
Top of the 7th over - 0 runs, 0 hits, 0 errors, 0 left on base; Cincinnati (NYP) 7 - Milwaukee (NYP) 1 |
BOTTOM OF THE 7TH |
Milwaukee (NYP) Brewers batting - Pitching for Cincinnati (NYP) Reds : LHP Jerry Nero
|
Batting: SHB Mitchell Greene
|
0-0: Foul Ball, location: 2F 0-1: Called Strike 0-2: Ball 1-2: Ball 2-2: Ball 3-2: Strikes out swinging
|
Pitching: RHP Dave Hammertime
|
|
Batting: RHB Brad Wren
|
0-0: Ball 1-0: Ball 2-0: Called Strike 2-1: Ground out 1-3 (Groundball, 13S, EV 65.6 MPH)
|
Batting: RHB Raymond Young
|
0-0: Called Strike 0-1: Ball 1-1: Ball 2-1: Ball 3-1: Base on Balls
|
Batting: RHB John Freeman
|
0-0: Called Strike Raymond Young steals 2nd base 0-1: Swinging Strike 0-2: Foul Ball, location: 2F 0-2: Ball 1-2: Ball 2-2: Strikes out swinging
|
Bottom of the 7th over - 0 runs, 0 hits, 0 errors, 1 left on base; Cincinnati (NYP) 7 - Milwaukee (NYP) 1 |
TOP OF THE 8TH |
Cincinnati (NYP) Reds batting - Pitching for Milwaukee (NYP) Brewers : RHP Justin Orr
|
Batting: RHB Dave Ruiz
|
0-0: Foul Ball, location: 2F 0-1: Ball 1-1: Swinging Strike 1-2: Foul Ball, location: 2F 1-2: Foul Ball, location: 2F 1-2: Ball 2-2: Foul Ball, location: 2F 2-2: DOUBLE (Line Drive, 78D, EV 107.5 MPH)
|
Pitching: LHP John Miller
|
|
Batting: RHB Kagetoki Kawai
|
0-0: Called Strike 0-1: Ball 1-1: Ball 2-1: SINGLE (Groundball, 6MS, EV 66.3 MPH) (infield hit) Dave Ruiz to third
|
Batting: RHB Jon Conklin
|
0-0: Called Strike 0-1: Ball 1-1: Ball 2-1: Ball 3-1: Base on Balls Kagetoki Kawai to second
|
Batting: RHB Chae-seong Lee
|
0-0: Fielders Choice at 2nd, 4-6 (Groundball, 4, EV 85.0 MPH) Dave Ruiz scores Kagetoki Kawai to third
|
Pinch Hitting: RHB Danny Pontius
|
0-0: Grounds into double play, 6-4-3 (Groundball, 6, EV 105.6 MPH)
|
Top of the 8th over - 1 run, 2 hits, 0 errors, 1 left on base; Cincinnati (NYP) 8 - Milwaukee (NYP) 1 |
BOTTOM OF THE 8TH |
Milwaukee (NYP) Brewers batting - Pitching for Cincinnati (NYP) Reds : RHP Dave Hammertime
|
Now at 2B: Danny Pontius
|
|
Batting: RHB Jeff Cornett
|
0-0: Swinging Strike 0-1: Called Strike 0-2: Foul Ball, location: 2F 0-2: Foul Ball, location: 2F 0-2: Ball 1-2: DOUBLE (Line Drive, 9LM, EV 100.6 MPH)
|
Batting: RHB Steve Byerly
|
0-0: Ball 1-0: Foul Ball, location: 2F 1-1: Ball 2-1: Ball 3-1: Called Strike 3-2: SINGLE (Groundball, 6D, EV 106.3 MPH) Jeff Cornett to third
|
Pitching: LHP Jin Zhui
|
|
Batting: LHB Alfredo de la Cruz
|
0-0: Swinging Strike 0-1: Ball 1-1: Ball 2-1: Called Strike 2-2: Foul Ball, location: 2F 2-2: Ball 3-2: Strikes out swinging
|
Pinch Hitting: RHB Bobby McCann
|
0-0: Called Strike 0-1: Ball 1-1: Called Strike 1-2: Fielders Choice at 2nd, 5-4 (Groundball, 56, EV 78.1 MPH) Jeff Cornett scores
|
Pitching: RHP Tim Sanches
|
|
Batting: RHB Vinny Estrada
|
0-0: Ball 1-0: Foul Ball, location: 2F 1-1: SINGLE (Flyball, 9LS, EV 88.8 MPH) Bobby McCann to second Runner from 2nd tries for 3rd, SAFE, throw by RF made to third
|
Batting: SHB Mitchell Greene
|
0-0: Ball 1-0: Fielders Choice at 2nd, 6-4 (Groundball, 56, EV 88.8 MPH)
|
Bottom of the 8th over - 1 run, 3 hits, 0 errors, 2 left on base; Cincinnati (NYP) 8 - Milwaukee (NYP) 2 |
TOP OF THE 9TH |
Cincinnati (NYP) Reds batting - Pitching for Milwaukee (NYP) Brewers : LHP John Miller
|
Now in LF: Bobby McCann
|
|
Batting: RHB Felipe Pineda
|
0-0: Ground out 6-3 (Groundball, 6, EV 104.4 MPH)
|
Batting: SHB Bryan Johnston
|
0-0: Called Strike 0-1: Ground out 5-3 (Groundball, 56, EV 97.5 MPH)
|
Batting: RHB Steve Anderson
|
0-0: Called Strike 0-1: Foul Ball, location: 2F 0-2: Ground out 4-3 (Groundball, 4, EV 85.6 MPH)
|
Top of the 9th over - 0 runs, 0 hits, 0 errors, 0 left on base; Cincinnati (NYP) 8 - Milwaukee (NYP) 2 |
BOTTOM OF THE 9TH |
Milwaukee (NYP) Brewers batting - Pitching for Cincinnati (NYP) Reds : RHP Tim Sanches
|
Batting: RHB Brad Wren
|
0-0: Ball 1-0: Foul Ball, location: 2F 1-1: Foul Ball, location: 2F 1-2: Ground out 6-3 (Groundball, 6, EV 80.6 MPH)
|
Batting: RHB Raymond Young
|
0-0: Ground out 4-3 (Groundball, 4, EV 111.3 MPH)
|
Batting: RHB John Freeman
|
0-0: Called Strike 0-1: Foul Ball, location: 2F 0-2: Foul Ball, location: 2F 0-2: Ball 1-2: Strikes out looking
|
Bottom of the 9th over - 0 runs, 0 hits, 0 errors, 0 left on base; Cincinnati (NYP) 8 - Milwaukee (NYP) 2 |
|